 Dungeon Crawl Stone Soup version 0.22-a0-580-gd5db89c09a (webtiles) character file.

4 M4edhros the Grave Robber (level 1, -1/11 HPs)
             Began as an Octopode Necromancer on July 3, 2018.
             Slain by an orc (4 damage)
             ... on level 2 of the Dungeon.
             The game lasted 00:00:28 (113 turns).

M4edhros the Grave Robber (Octopode Necromancer)     Turns: 113, Time: 00:00:29

Health: -1/11      AC:  1    Str:  7    XL:     1   Next: 70%
Magic:  2/3        EV: 13    Int: 17    God:
Gold:   0          SH:  0    Dex: 12    Spells: 2/4 levels left

rFire    . . .     SeeInvis .     - Unarmed
rCold    . . .     Gourm    .   (no shield)
rNeg     . . .     Faith    .   (helmet restricted)
rPois    .         Spirit   .   (no amulet)
rElec    .         Reflect  .   (no ring)
rCorr    .         Harm     .   (no ring)
MR       .....                  (no ring)
Stlth    +++.......             (no ring)
HPRegen  0.03/turn              (no ring)
MPRegen  0.08/turn              (no ring)
                                (no ring)
                                (no ring)

@: no status effects
A: almost no armour, stealthy swim, amphibious, 8 rings, constrict 8, camouflage
1, gelatinous body 1
a: no special abilities


You were on level 2 of the Dungeon.
You were not hungry.

You visited 1 branch of the dungeon, and saw 2 of its levels.

Inventory:

Comestibles
 b - a ration


   Skills:
 - Level 2.0 Dodging
 - Level 2.6 Stealth
 + Level 1.2 Unarmed Combat
 - Level 2.0 Spellcasting
 - Level 4.0 Necromancy


You had 2 spell levels left.
You knew the following spells:

 Your Spells              Type           Power        Failure   Level  Hunger
a - Pain                  Necr           ###.         3%          1    #......
b - Animate Skeleton      Necr           N/A          3%          1    #......

Your spell library contained the following spells:

 Spells                   Type           Power        Failure   Level  Hunger
 Animate Dead             Necr           N/A          36%         4    #####..
 Vampiric Draining        Necr           ###.......   11%         3    ###....
 Regeneration             Chrm/Necr      #.........   26%         3    ###....


Dungeon Overview and Level Annotations

Branches:
Dungeon (2/15)

Altars:

Annotations:
D:1 1 runed door


Innate Abilities, Weirdness & Mutations

You cannot wear most types of armour.
You are very stealthy in the water. (Stealth+)
You are amphibious.
You can wear up to eight rings at the same time.
You can use your tentacles to constrict eight enemies at once.
Your skin changes colour to match your surroundings (Stealth+).
Your rubbery body absorbs attacks. (AC +1, EV +1)


Message History

* * * LOW HITPOINT WARNING * * *
You tentacle-slap the orc.
The orc is heavily wounded.
You constrict the orc. The orc closely misses you.
You barely miss the orc.
You kill the orc!
Your Unarmed Combat skill increases to level 1!
Items here: )) [ † a dagger; a mace; a leather armour; an orc corpse Memorise Animate Skeleton, consuming 1 spell level and leaving 2?
You start memorising the spell.
You continue memorising.
You finish memorising.
Spell assigned to 'b'.
Cast which spell? (? or * to list)
You attempt to give life to the dead...
Before your eyes, flesh is ripped from the corpse!
The dead are walking!
Things that are here:
3 chunks of flesh; a mace; a leather armour You completely miss the orc.
Your grab misses the orc. The orc hits you.
You die...

#. #.... #... ....
#.. #..
#.#####.#####
.........o@Z#
####...###.# ##..#
#.# #..# #.#
#.......#..# #.#
#.≈...≈.#..# #.#
#..oo...#.## #.#
#..oo...#.####.#
#.......#.##...###..


You could see an orc and a friendly orc skeleton.

Vanquished Creatures
  2 orcs (D:2)
  A kobold (D:1)
3 creatures vanquished.

Notes
Turn   | Place    | Note
-------+----------+-------------------------------------------
     0 | D:1      | M4edhros the Octopode Necromancer began the quest for the Orb.
     0 | D:1      | Reached XP level 1. HP: 11/11 MP: 3/3
     1 | D:1      | Found a runed door.
    78 | D:2      | Noticed an orc priest
   108 | D:2      | Reached skill level 1 in Unarmed Combat
   112 | D:2      | Learned a level 1 spell: Animate Skeleton
   113 | D:2      | Slain by an orc

Vault maps used:
D:1:      dpeg_arrival_caged_fury
D:2:      cheibrodos_pilgrimage, old_standard_altar, lemuel_round_altar

Skill      XL: |  1 |
---------------+----+-----
Unarmed Combat | 1 |  1.2
Dodging        | |  2.0
Stealth        | |  2.6
Spellcasting   | |  2.0
Necromancy     | |  4.0

Action                   || total
-------------------------++-------
Melee: Unarmed           ||    12
       Tentacles         ||     5
       Constrict         ||     3
 Cast: Animate Skeleton  ||     1
 Stab: Sleeping          ||     1
Dodge: Dodged            ||     4

Table legend:
 A = Spawn XP
 B = Non-spawn XP
 C = Spawn XP percentage of total XP
 D = Spawn monster count
 E = Non-spawn monster count
 F = Spawn count percentage of total count
 G = Total turns spent on level
                    A         B        C        D         E        F      G
               +---------+---------+-------+---------+---------+-------+---------
         Total |       0 |       7 |   0.0 |       0 |       3 |   0.0 |   113
               +---------+---------+-------+---------+---------+-------+---------
           D:1 |       0 |       1 |   0.0 |       0 |       1 |   0.0 |    66
           D:2 |       0 |       6 |   0.0 |       0 |       2 |   0.0 |    47
               +---------+---------+-------+---------+---------+-------+---------
